 Dungeon Crawl Stone Soup version 0.26-a0-597-gb535b0901c (webtiles) character file.

Game seed: 14705261593175158223

151 ANON1729 the Fighter (level 5, -1/52 HPs)
             Began as a Barachi Wanderer on Aug 27, 2020.
             Slain by an ogre
             ... wielding a +0 giant club
              (15 damage)
             ... on level 3 of the Dungeon.
             The game lasted 00:03:33 (2036 turns).

ANON1729 the Fighter (Barachi Wanderer)             Turns: 2036, Time: 00:03:34

Health: -1/52      AC:  7    Str: 14    XL:     5   Next: 33%
Magic:  0/8        EV: 10    Int: 12    God:
Gold:   121        SH:  0    Dex: 12    Spells: 8/8 levels left

rFire    . . .     SeeInvis .   a - +2 spear
rCold    . . .     Faith    .   (no shield)
rNeg     . . .     Spirit   +   l - +3 leather armour
rPois    .         Reflect  .   c - +0 helmet
rElec    .         Harm     .   (no cloak)
rCorr    .                      (no gloves)
MR       .....                  (no boots)
Stlth    +.........             f - amulet of guardian spirit
HPRegen  0.17/turn              (no ring)
MPRegen  0.11/turn              (no ring)

@: can't hop, slow
A: +LOS, swims, slowness 1, strong legs 1
a: Hop


You were on level 3 of the Dungeon.
You visited 1 branch of the dungeon, and saw 3 of its levels.

You collected 121 gold pieces.

Inventory:

Hand Weapons
 a - a +2 spear (weapon)
Armour
 c - a +0 helmet (worn)
 l - a +3 leather armour (worn)
Jewellery
 f - an amulet of guardian spirit (around neck)
Scrolls
 b - a scroll of teleportation
 d - 2 scrolls of identify {unknown}
 g - 2 scrolls of remove curse {unknown}
 i - a scroll of enchant armour {unknown}
 j - 3 scrolls of noise {unknown}
 k - a scroll of enchant weapon {unknown}
Potions
 e - 2 potions of stabbing {unknown}
 h - 3 potions of curing {unknown}
 m - a potion of magic {unknown}
 n - a potion of brilliance {unknown}
 o - a potion of haste {unknown}


   Skills:
 + Level 9.2 Fighting
 + Level 3.8 Armour
 + Level 2.0 Spellcasting
   Level 2.1 Evocations


You had 8 spell levels left.
You didn't know any spells.
Your spell library was empty.

Dungeon Overview and Level Annotations

Branches:
Dungeon (3/15)

Altars:
Vehumet


Innate Abilities, Weirdness & Mutations

You can be seen from farther away. (+LOS)
You can swim through water.
You cover ground slowly.
You can hop short distances.


Message History

The ogre hits you but does no damage.
You barely miss the ogre.
The ogre is severely wounded.
You barely miss the ogre.
The ogre is severely wounded.
The ogre hits you with a +0 giant club.
You hit the ogre.
The ogre is severely wounded.
The ogre hits you with a +0 giant club!
* * * LOW HITPOINT WARNING * * *
You barely miss the ogre.
The ogre is severely wounded.
The ogre barely misses you.
You hit the ogre but do no damage.
The ogre is severely wounded.
The ogre barely misses you.
You hit the ogre but do no damage.
The ogre is severely wounded.
The ogre hits you with a +0 giant club!
You die...

#.###........
#............
#.###.....(..
#r# ........
#O# ########
#.# #.#####
#..rO.#
#####@# #.#
#.# #.#
############.#
#............#
#.############
#.# #.#######


You could see an ogre and a rat.

Vanquished Creatures
  Jessica (D:3)
  Ijyb (D:3)
  3 adders
  An ooze (D:2)
  2 worms (D:2)
  4 leopard geckos
  5 orcs (D:3)
  2 giant cockroaches
  7 goblins
  4 hobgoblins
  2 jackals (D:1)
  2 ball pythons (D:2)
  13 bats
  2 frilled lizards (D:2)
  4 kobolds
  4 rats
57 creatures vanquished.

Vanquished Creatures (others)
  3 plants (D:1)
3 creatures vanquished.

Grand Total: 60 creatures vanquished

Notes
Turn   | Place    | Note
-------+----------+-------------------------------------------
     0 | D:1      | ANON1729 the Barachi Wanderer began the quest for the Orb.
     0 | D:1      | ANON1729 set off with the following items: a +2 spear, a
                  | scroll of teleportation, a +0 ring mail
     0 | D:1      | Reached XP level 1. HP: 26/26 MP: 1/1
    71 | D:1      | Reached XP level 2. HP: 29/33 MP: 2/2
   328 | D:1      | Reached XP level 3. HP: 33/38 MP: 1/3
   915 | D:2      | Found a radiant altar of Vehumet.
   997 | D:2      | Reached XP level 4. HP: 45/45 MP: 5/5
   999 | D:2      | Reached skill level 1 in Spellcasting
  1158 | D:2      | Reached skill level 9 in Fighting
  1587 | D:3      | Noticed Jessica
  1587 | D:3      | Noticed Ijyb
  1635 | D:3      | Killed Ijyb
  1653 | D:3      | Reached XP level 5. HP: 20/52 MP: 2/7
  1855 | D:3      | Killed Jessica
  2010 | D:3      | Noticed an ogre
  2036 | D:3      | Slain by an ogre

Illustrated notes

Levels and vault maps discovered:
D:1:      wander_arrival_fairy_ring, layout_loops_ring, serial_forest,
          infiniplex_forest_straight_1, infiniplex_forest_pool,
          infiniplex_forest_clump_cross, infiniplex_forest_straight_3,
          infiniplex_forest_lined_corner, infiniplex_forest_end_3,
          infiniplex_forest_clump_curved, infiniplex_forest_straight_4
D:2:      minmay_recursive_quarters, layout_loops_corners, vehumet_crystals
D:3:      layout_basic, nicolae_overflow_hidden_temple, uniq_jessica, uniq_ijyb

Skill      XL: |  1  2  3  4  5 |
---------------+----------------+-----
Armour         | 2 3 |  3.8
Spellcasting   | 1 2 |  2.0
Fighting       | 9 |  9.2
Evocations     | |  2.1

Action                   |  1- 3 |  4- 6 || total
-------------------------+-------+-------++-------
Melee: Spear             |   100 |   127 ||   227
 Abil: Hop               |       |     1 ||     1
Armor: Ring mail         |    38 |       ||    38
       Leather armour    |       |    32 ||    32
Dodge: Dodged            |    74 |    64 ||   138

Table legend: (Time is in decaauts)
 A = Elapsed time spent in this place.
 B = Non-inter-level travel time spent in this place.
 C = Inter-level travel time spent in this place.
 D = Time resting spent in this place.
 E = Time spent auto-exploring this place.
 F = Levels seen in this place.
 G = Mean time per level.
                   A        B        C        D        E       F      G
               +--------+--------+--------+--------+--------+-----+--------+
         Total |   2358 |   2271 |     87 |    236 |   1588 |   3 |  786.0 |
       Dungeon |   2358 |   2271 |     87 |    236 |   1588 |   3 |  786.0 |
               +--------+--------+--------+--------+--------+-----+--------+

Top non-repeatable levels by time:
     D:2: 1206 daAuts
     D:1: 827 daAuts
     D:3: 323 daAuts
